 Dungeon Crawl Stone Soup version 0.31-a0-237-g2d982f9f85 (webtiles) character file.

Game seed: 17854558005897737441

700 Ijustatesigmund the Stinger (level 7, -4/43 HPs)
             Began as an Octopode Venom Mage on July 11, 2023.
             Slain by an iguana (15 damage)
             ... on level 5 of the Dungeon.
             The game lasted 00:09:01 (6364 turns).

Ijustatesigmund the Stinger (Octopode Venom Mage)   Turns: 6364, Time: 00:09:01

Health: -4/43      AC: -3    Str: 13    XL:     7   Next: 65%
Magic:  13/13      EV: 13    Int: 19    God:
Gold:   120        SH:  0    Dex: 13    Spells: 0/14 levels left

rFire   . . .        j - staff of poison
rCold   . . .        (no shield)
rNeg    . . .        (helmet restricted)
rPois   +            (no amulet)
rElec   .            i - ring of wizardry
rCorr   .            n - +6 ring of strength
SInv    .            (no ring)
Will    .....        (no ring)
Stlth   +++          (no ring)
HPRegen 0.27/turn    (no ring)
MPRegen 0.13/turn    (no ring)
                     (no ring)

%: wizardry (x1)
@: about to teleport, corroded
A: almost no armour, amphibious, 8 rings, camouflage 1, gelatinous body 1,
(nimble swimmer 1), tentacles
a: no special abilities


You were on level 5 of the Dungeon.
You visited 1 branch of the dungeon, and saw 5 of its levels.

You collected 120 gold pieces.

Inventory:

Hand Weapons
 f - a +1 great sword
Missiles
 c - a throwing net
Magical Staves
 j - a staff of poison (weapon)
Jewellery
 i - a ring of wizardry (left tentacle)
 n - a +6 ring of strength (right tentacle)
 o - a ring of flight
Scrolls
 b - a scroll of amnesia
 k - 3 scrolls of teleportation
Potions
 a - a potion of magic
 d - 3 potions of brilliance
 e - 2 potions of lignification
 g - a potion of enlightenment
 h - 2 potions of curing
 l - a potion of ambrosia {unknown}


   Skills:
 - Level 1.1 Fighting
 - Level 2.0 Dodging
 - Level 2.6 Stealth
 - Level 4.0 Spellcasting
 - Level 3.2 Conjurations
 + Level 2.5 Necromancy
 - Level 1.0 Transmutations
 - Level 3.3 Air Magic
 - Level 5.8 Poison Magic


You couldn't memorise any spells.
You knew the following spells:

 Your Spells              Type           Power      Damage    Failure   Level
a - Sting                 Tmut/Pois      100%       1d8       1%          1
b - Poisonous Vapours     Pois/Air       62%        N/A       1%          2
c - Mephitic Cloud        Conj/Pois/Air  29%        N/A       3%          3
d - Olgreb's Toxic Radia  Pois           39%        N/A       4%          4
e - Dispel Undead         Necr           13%        3d9       19%         4

Your spell library contained the following spells:

 Spells                   Type           Power      Damage    Failure   Level
 Kiss of Death            Conj/Necr      56%        2d9       1%          1
 Confusing Touch          Hex            3%         N/A       16%         3


Dungeon Overview and Level Annotations

Branches:
Dungeon (5/15)
 Temple: D:4-7

Altars:

Shops:
D:5 ?

Annotations:
D:4 3 runed translucent doors, fedoskokos's ghost, amateur FoFi


Innate Abilities, Weirdness & Mutations

You cannot wear most types of armour.
You are amphibious.
You can wear up to eight rings at the same time.
Your skin changes colour to match your surroundings (Stealth+).
Your rubbery body absorbs attacks. (AC +1, EV +1)
((You are camouflaged when in or above water. (Stealth+)))
You have tentacles for arms and can constrict up to eight enemies at once.


Message History

Confirm with . or Enter, or press ? or * to list all spells.
Aiming: Poisonous Vapours (safe; 1% risk of failure)
Press: ? - help, Dir - move target, f/p - scorpion
Aim: a scorpion (severely wounded, extremely poisoned)
You feel a surge of power!
Poisonous vapours surround the scorpion!
The scorpion looks as sick as possible!
You kill the scorpion!
Your Necromancy skill increases to level 2!
k - 4 scrolls of teleportation (gained 1)
Found a stone staircase leading down.
Found Imuggiog's Magic Scroll Emporium.
There is an open door here.
Found 4 stones.
You now have 120 gold pieces (gained 18).
b - a scroll of amnesia A jelly comes into view.
An iguana comes into view.
Found 6 stones.
The iguana hisses angrily.
The jelly misses you.
You hit the jelly.
Your tentacles burn!
The jelly is moderately wounded.
The jelly barely misses you.
You hit the jelly but do no damage.
Your tentacles burn!
The jelly is moderately wounded.
The jelly hits you. The acid corrodes you!
You are splashed with acid!
You hit the jelly but do no damage.
Your tentacles burn!
The jelly is moderately wounded.
The iguana bites you. The jelly closely misses you.
You are too injured to fight recklessly!
You are too injured to fight recklessly!
You are too injured to fight recklessly!
As you read the scroll of teleportation, it crumbles to dust.
You feel strangely unstable. The iguana bites you!
* * * LOW HITPOINT WARNING * * *
The jelly misses you.
Okay, then.
The iguana bites you!
You die...

#.....# #.....# #....>#
##########....##
..............#########
.......................
.......∩..###..........
..........# #..........
..(....@..# #..........
.......l..# ###########
.......J..# ..........#
..........# ...........
.########... .... ....


You could see an iguana and a jelly.

Vanquished Creatures
  A black bear (D:5)
  A bullfrog (D:4)
  3 scorpions (D:5)
  A howler monkey (D:5)
  A hound (D:4)
  2 jellies (D:3)
  An iguana (D:5)
  An orc wizard (D:3)
  6 adders
  A shadow imp (D:5)
  An ufetubus (D:5)
  2 worms
  4 dart slugs
  10 orcs
  7 bats
  7 endoplasms
  A giant cockroach (D:2)
  10 goblins
  6 hobgoblins
  6 jackals
  6 quokkas
  3 ball pythons
  4 frilled lizards
  4 kobolds
  8 rats
97 creatures vanquished.

Notes
Turn   | Place    | Note
-------+----------+-------------------------------------------
     0 | D:1      | Ijustatesigmund the Octopode Venom Mage began the quest for
                  | the Orb.
     0 | D:1      | Reached XP level 1. HP: 11/11 MP: 3/3
   152 | D:1      | You fall into a shaft and drop 1 floor!
   175 | D:2      | Reached XP level 2. HP: 18/18 MP: 1/5
   178 | D:2      | Learned a level 2 spell: Poisonous Vapours
   359 | D:2      | Reached skill level 1 in Fighting
   542 | D:2      | Reached skill level 4 in Poison Magic
  1034 | D:2      | Reached XP level 3. HP: 23/23 MP: 3/6
  1038 | D:2      | Learned a level 3 spell: Mephitic Cloud
  2057 | D:1      | Reached skill level 1 in Air Magic
  2587 | D:2      | Reached skill level 1 in Conjurations
  2587 | D:2      | Reached XP level 4. HP: 28/28 MP: 4/7
  3558 | D:3      | Reached XP level 5. HP: 32/33 MP: 9/9
  4699 | D:3      | Reached skill level 5 in Poison Magic
  4930 | D:4      | Found a runed translucent gate.
  4931 | D:4      | Found a runed translucent gate.
  4931 | D:4      | Noticed a kobold brigand
  4935 | D:4      | Found a runed translucent gate.
  4944 | D:4      | Noticed fedoskokos's ghost (amateur FoFi)
  5079 | D:4      | Reached XP level 6. HP: 37/38 MP: 7/10
  5597 | D:4      | Learned a level 4 spell: Olgreb's Toxic Radiance
  5890 | D:5      | Entered Level 5 of the Dungeon
  5891 | D:5      | Noticed a black bear
  5900 | D:5      | Killed a black bear
  5901 | D:5      | Reached XP level 7. HP: 43/43 MP: 3/12
  6111 | D:5      | Learned a level 4 spell: Dispel Undead
  6182 | D:5      | Reached skill level 1 in Necromancy
  6339 | D:5      | Found Imuggiog's Magic Scroll Emporium.
  6364 | D:5      | Slain by an iguana

Illustrated notes

Levels and vault maps discovered:
D:1:      dpeg_arrival_tiny_j, layout_basic, kennysheep_another_room,
          nicolae_titane
D:2:      layout_basic, serial_curves, eino_curves_01, eino_curves_02,
          eino_curves_04, eino_curves_01, grunt_decor_mini_mirrors,
          kennysheep_generic_room_10
D:3:      layout_basic, amcnicky_mini_pool_small
D:4:      layout_basic, gammafunk_ghost_nasty_kobolds
D:5:      layout_basic, nzn_wu_jian_council_hall, mainiacjoe_overflow_catwalk,
          tso_oasis_becter, serial_shops, shop

Skill      XL: |  1  2  3  4  5  6  7 |
---------------+----------------------+-----
Fighting       | 1 |  1.1
Poison Magic   | 4 5 |  5.8
Air Magic      | 1 2 3 |  3.3
Conjurations   | 1 2 3 |  3.2
Spellcasting   | 3 4 |  4.0
Necromancy     | 2 |  2.5
Dodging        | |  2.0
Stealth        | |  2.6
Transmutations | |  1.0

Action                     |  1- 3 |  4- 6 |  7- 9 || total
---------------------------+-------+-------+-------++-------
  Melee: Unarmed           |    10 |       |       ||    10
         Constrict         |     9 |    24 |     3 ||    36
         Tentacles         |     5 |    19 |     4 ||    28
         Punch             |     1 |     1 |       ||     2
         Great sword       |    39 |     4 |       ||    43
         Staff             |       |    74 |    15 ||    89
   Cast: Sting             |     7 |    12 |     1 ||    20
         Poisonous Vapours |    25 |    47 |    14 ||    86
         Mephitic Cloud    |       |     2 |       ||     2
         Olgreb's Toxic Ra |       |     1 |       ||     1
    Use: Scroll            |     6 |     6 |     1 ||    13
   Stab: Sleeping          |     3 |     4 |       ||     7
 Armour: Skin              |     4 |     2 |     1 ||     7
  Dodge: Dodged            |    37 |    47 |    15 ||    99

Table legend: (Time is in decaauts)
 A = Elapsed time spent in this place.
 B = Non-inter-level travel time spent in this place.
 C = Inter-level travel time spent in this place.
 D = Time resting spent in this place.
 E = Time spent auto-exploring this place.
 F = Levels seen in this place.
 G = Mean time per level.
                   A        B        C        D        E       F      G
               +--------+--------+--------+--------+--------+-----+--------+
         Total |   6407 |   6282 |    125 |   2182 |   3377 |   5 | 1281.4 |
       Dungeon |   6407 |   6282 |    125 |   2182 |   3377 |   5 | 1281.4 |
               +--------+--------+--------+--------+--------+-----+--------+

Top non-repeatable levels by time:
     D:2: 2020 daAuts
     D:3: 1474 daAuts
     D:1: 1354 daAuts
     D:4: 1080 daAuts
     D:5: 477 daAuts
